Map: [ESL] Site Delta

Players

Kelazhur - Winner!

  • Race: Terran Terran
  • Spawn Location: 11:00

Cham

  • Race: Zerg Zerg
  • Spawn Location: 5:00

Event: ESL SC2 Masters 2023 Winter (Regional)

VOD

Have the link to the VOD?

Description

Time

  • Played on: Oct. 28, 2023, 2:23 p.m.
  • Length: 9:36

All games in this series

Show
View Real Time Build Order
Export as new Build Order

Kelazhur Terran - Winner!

Build Orders: Reaper Expand 

Get SALT Encoding   

  12  0:00  SCV  
  13  0:12  SCV  
  14  0:19  Supply Depot  
  14  0:24  SCV  
  15  0:41  SCV  
  15  0:42  Barracks  
  16  0:43  Refinery  
  16  0:53  SCV  
  17  1:05  SCV  
  18  1:17  SCV  
  19  1:29  Orbital Command, Reaper  
  20  1:38  Command Center  
  20  1:47  Supply Depot  
  20  1:55  SCV  
  21  2:01  Marine  
  21  2:04  Factory  
  21  2:07  SCV  
  23  2:19  SCV  
  24  2:22  Barracks Reactor  
  24  2:33  SCV  
  25  2:41  Command Center  
  25  2:45  SCV  
  26  2:51  Orbital Command  
  26  2:58  SCV  
  27  3:03  Hellion x2  
  31  3:13  SCV  
  31  3:14  Starport  
  31  3:17  SCV  
  32  3:21  Refinery  
  32  3:24  Cyclone  
  32  3:25  SCV  
  32  3:27  Hellion  
  37  3:29  SCV  
  38  3:36  Barracks Tech Lab  
  38  3:38  SCV  
  39  3:41  SCV  
  40  3:50  SCV  
  40  3:54  SCV  
  42  3:55  Orbital Command  
  42  4:02  SCV  
  43  4:06  Bunker, Siege Tank, SCV, Marine x2  
  43  4:09  Supply Depot  
  49  4:14  SCV  
  50  4:18  SCV  
  50  4:23  Marine x2  
  50  4:24  Barracks  
  53  4:26  Liberator, SCV  
  53  4:27  Barracks  
  53  4:29  SCV  
  58  4:34  SCV  
  58  4:38  SCV  
  60  4:41  Marine  
  60  4:43  Marine  
  60  4:45  Siege Tank, SCV  
  66  4:50  Supply Depot, Refinery  
  66  4:51  Refinery  
  66  4:52  SCV  
  67  4:57  SCV  
  67  4:59  SCV  
  69  5:10  Supply Depot  
  69  5:12  SCV x3, Marine x2  
  69  5:13  Barracks Tech Lab  
  74  5:21  Supply Depot  
  74  5:26  SCV x2  
  74  5:27  Barracks Tech Lab  
  77  5:30  Barracks, Engineering Bay  
  77  5:31  Barracks, SCV  
  78  5:38  SCV x2  
  78  5:41  Stimpack  
  80  5:43  Siege Tank  
  80  5:44  SCV  
  80  5:45  Combat Shield, Marine x3  
  80  5:46  Starport Reactor, Supply Depot  
  84  5:50  SCV  
  84  5:51  Engineering Bay  
  84  5:54  SCV  
  84  5:55  Marine  
  87  6:01  SCV  
  87  6:03  Marine x2  
  82  6:06  SCV, Marine  
  72  6:13  Marine  
  72  6:15  Siege Tank  
  74  6:20  Marine  
  74  6:21  SCV  
  72  6:27  Terran Infantry Weapons Level 1  
  72  6:28  Marine x3  
  72  6:29  Marine  
  72  6:31  Terran Infantry Armor Level 1, Marine  
  77  6:33  SCV x3  
  77  6:34  Supply Depot  
  77  6:39  Marine  
  81  6:45  Medivac, SCV  
  81  6:46  Marine x2, Medivac  
  89  6:47  SCV  
  89  6:51  Orbital Command  
  89  6:54  Barracks Reactor  
  89  6:57  Barracks Reactor  
  89  6:58  SCV  
  89  6:59  SCV  
  91  7:01  Supply Depot  
  91  7:06  Marine x2  
  91  7:07  Marauder  
  95  7:10  SCV  
  95  7:11  Siege Tank, SCV  
  102  7:15  Marauder  
  102  7:17  SCV  
  102  7:21  Missile Turret  
  104  7:22  SCV  
  104  7:23  SCV, Supply Depot  
  104  7:25  Supply Depot  
  104  7:29  SCV  
  106  7:31  Marine x2  
  106  7:32  Marauder, Marine x2  
  106  7:33  Medivac  
  106  7:35  Marine, SCV x2  
  117  7:42  Armory  
  117  7:44  Supply Depot  
  117  7:45  SCV, Marine  
  117  7:47  Supply Depot, SCV  
  117  7:48  SCV  
  117  7:50  Siege Tank  
  124  7:52  Marine  
  124  7:53  Marine  
  124  7:57  SCV, Refinery  
  127  7:59  SCV  
  127  8:00  SCV  
  127  8:08  Marine  
  127  8:09  Marine, SCV, Marauder  
  127  8:10  Medivac x2  
  127  8:11  Marine  
  127  8:12  Marine x2  
  137  8:13  Marine  
  137  8:14  SCV x2, Marauder  
  140  8:21  SCV  
  140  8:23  Supply Depot  
  140  8:25  Supply Depot  
  140  8:26  Marine  
  140  8:30  Marauder  
  140  8:33  Marine x5  
  144  8:35  Marauder  
  144  8:37  Siege Tank  
  149  8:42  Supply Depot x2  
  149  8:44  Marine  
  150  8:51  Marine x6  
  149  8:55  Refinery  
  149  8:58  Marauder  
  149  9:02  Marine  
  148  9:06  Medivac  
  148  9:08  Marine  
  151  9:13  Supply Depot  
  151  9:14  Marine  
  151  9:15  Command Center, Supply Depot  
  151  9:17  Marine x2  
Show
View Real Time Build Order
Export as new Build Order

Cham Zerg 

Build Orders: Hatch First 

Get SALT Encoding   

  12  0:00  Drone  
  13  0:12  Overlord  
  13  0:20  Drone  
  14  0:31  Drone x2  
  16  0:48  Hatchery  
  15  0:51  Drone  
  15  0:54  Drone  
  17  1:05  Drone  
  18  1:12  Spawning Pool  
  18  1:17  Drone  
  18  1:18  Extractor  
  18  1:20  Drone  
  18  1:29  Drone  
  19  1:39  Drone  
  20  1:49  Drone  
  21  1:59  Queen x2  
  21  2:00  Zergling x4  
  27  2:11  Drone  
  27  2:12  Overlord  
  28  2:25  Overlord  
  28  2:34  Drone x2  
  29  2:39  Lair  
  29  2:40  Drone  
  32  2:45  Drone  
  32  2:46  Drone  
  34  2:52  Roach Warren  
  34  2:57  Drone  
  34  2:59  Overlord  
  34  3:05  Drone x2  
  35  3:13  Drone x3  
  35  3:16  Drone x3  
  39  3:24  Extractor, Overlord  
  38  3:27  Drone  
  39  3:34  Overlord  
  39  3:35  Roach  
  39  3:37  Glial Reconstitution  
  39  3:38  Overseer  
  41  3:47  Roach  
  41  3:48  Roach  
  45  3:50  Drone x3  
  45  3:53  Extractor x2, Drone x2, Roach  
  50  3:57  Overlord  
  50  4:00  Overlord  
  50  4:11  Roach  
  50  4:14  Drone  
  50  4:15  Hatchery  
  52  4:17  Drone  
  52  4:18  Drone  
  52  4:22  Roach x2  
  52  4:23  Roach  
  60  4:27  Overlord  
  60  4:29  Roach  
  62  4:34  Roach  
  64  4:40  Roach x2  
  64  4:44  Overlord x2  
  68  4:52  Overlord x2  
  68  4:53  Roach  
  70  5:00  Overlord  
  70  5:02  Roach  
  70  5:03  Roach x2  
  76  5:08  Roach  
  78  5:18  Roach x2  
  82  5:24  Roach x4  
  82  5:25  Drone  
  82  5:26  Drone  
  92  5:30  Ravager x2  
  92  5:31  Drone x2  
  92  5:34  Overlord  
  96  5:37  Queen  
  96  5:38  Drone  
  96  5:40  Drone  
  100  5:42  Ravager  
  100  5:44  Drone  
  100  5:49  Overlord  
  102  5:52  Drone  
  102  5:53  Drone x2  
  84  6:09  Overseer  
  84  6:11  Drone x7  
  69  6:14  Queen  
  73  6:18  Queen  
  73  6:19  Drone  
  73  6:23  Drone x2  
  77  6:32  Drone x2  
  79  6:33  Drone  
  79  6:35  Evolution Chamber  
  79  6:36  Evolution Chamber  
  77  6:41  Drone  
  77  6:42  Drone  
  80  6:47  Drone x2  
  80  6:51  Drone  
  82  6:54  Drone x3  
  82  6:55  Drone  
  82  7:00  Extractor  
  85  7:02  Overlord, Hatchery  
  85  7:03  Drone  
  85  7:04  Overlord  
  85  7:07  Roach  
  87  7:09  Roach x2  
  87  7:11  Roach  
  87  7:15  Drone  
  94  7:19  Roach x2  
  94  7:20  Roach  
  100  7:25  Drone x3  
  103  7:30  Zerg Missile Weapons Level 1, Zerg Ground Armor Level 1  
  103  7:32  Drone  
  103  7:34  Infestation Pit, Ravager  
  103  7:35  Roach  
  106  7:40  Roach x2  
  106  7:42  Extractor  
  111  7:44  Roach x2  
  111  7:45  Roach  
  115  7:55  Drone x3  
  119  8:03  Roach x7  
  128  8:11  Hatchery  
  126  8:14  Drone x4  
  126  8:15  Drone  
  126  8:17  Overlord  
  119  8:27  Infestor x2  
  119  8:28  Drone  
  119  8:29  Drone x2  
  119  8:32  Drone x2  
  119  8:33  Drone x4  
  125  8:36  Drone  
  125  8:40  Drone  
  127  8:47  Overlord  
  127  8:50  Baneling Nest  
  127  8:51  Drone x2  
  113  8:57  Roach  
  113  8:58  Roach x3  
  113  9:00  Roach x2  
  113  9:01  Roach x3  
  113  9:02  Drone  
  121  9:03  Drone  
  121  9:09  Drone  
  123  9:12  Ravager x3  
  123  9:13  Drone  
  123  9:16  Zergling x2  
Tags
 
Add a new tag
Caveats
  • Supply blocks, unpowered buildings, or Contaminate may cause inaccurate times.
  • Supply counts are checked every 10 seconds.